 Dungeon Crawl Stone Soup version 0.21.0-37-g46506fa (webtiles) character file.

223 Baghtru the Skirmisher (level 6, -1/55 HPs)
             Began as a Hill Orc Fighter on Jan 30, 2018.
             Slain by Sigmund
             ... wielding a +6 scythe of venom
              (11 damage)
             ... on level 3 of the Dungeon.
             The game lasted 00:06:05 (2081 turns).

Baghtru the Skirmisher (Hill Orc Fighter)           Turns: 2081, Time: 00:06:06

Health: -1/55      AC: 11    Str: 26    XL:     6   Next: 0%
Magic:  6/6        EV:  4    Int:  8    God:
Gold:   79         SH:  0    Dex: 10    Spells: 5/5 levels left

rFire    . . .     SeeInvis .   a - +0 war axe
rCold    . . .     Gourm    .   c - +0 shield
rNeg     . . .     Faith    .   m - +0 plate armour
rPois    .         Spirit   .   (no helmet)
rElec    .         Reflect  .   (no cloak)
rCorr    .         Harm     .   (no gloves)
MR       .....                  (no boots)
Stlth    ..........             (no amulet)
HPRegen  0.18/turn              (no ring)
MPRegen  0.10/turn              (no ring)

@: confused, mighty, lethally poisoned (-1 -> -25), heavily drained
A: no striking features
a: no special abilities


You were on level 3 of the Dungeon.
You were not hungry.

You visited 1 branch of the dungeon, and saw 3 of its levels.

You collected 79 gold pieces.

Inventory:

Hand Weapons
 a - a +0 war axe (weapon)
Armour
 c - a +0 shield (worn)
 m - a +0 plate armour (worn)
Scrolls
 e - a scroll of magic mapping {unknown}
 j - a scroll of teleportation {unknown}
 l - 2 scrolls of identify {unknown}
 p - a scroll of enchant armour {unknown}
Potions
 b - 2 potions of mutation {unknown}
 g - a potion of lignification {unknown}
 i - 3 potions of flight {unknown}
 k - 3 potions of heal wounds {unknown}
 n - a potion of magic {unknown}
 o - a potion of brilliance {unknown}
Books
 h - a book of Cantrips

   Spells                             Type                      Level
   a - Confusing Touch                Hexes                        1
   b - Animate Skeleton               Necromancy                   1
   c - Summon Small Mammal            Summoning                    1
   d - Apportation                    Translocation                1
Comestibles
 f - 6 rations


   Skills:
 + Level 4.9(3.2) Fighting
 + Level 4.5(2.8) Axes
 + Level 4.6(2.8) Armour
 + Level 4.5(2.8) Shields


You had 5 spell levels left.
You didn't know any spells.

Dungeon Overview and Level Annotations

Branches:
Dungeon (3/15)

Altars:
Dithmenos
Fedhas
Kikubaaqudgha
Nemelex Xobeh
Wu Jian

Annotations:
D:3 Sigmund


Message History

You bump into the rock wall.
You feel sick.
The jackal barks!
Sigmund looks at you with fury. Sigmund gestures at you while chanting.
You are more confused.
You slice Sigmund!!
Sigmund is severely wounded.
You feel sick.
Sigmund hits you with a scythe of venom!
You closely miss Sigmund.
Sigmund is severely wounded.
You feel sick.
Sigmund hits you with a scythe of venom!
* * * LOW HITPOINT WARNING * * *
You are lethally poisoned!
You bump into the rock wall.
* * * LOW HITPOINT WARNING * * *
You feel sick.
Sigmund hits you with a scythe of venom!
You die...

#...._.).#.#
#.#....###.# #.....##
#.# ###.### #.. #.#
###.# #.# #...# # #.#
#....
#.############.####....
#..hh@@...............#
#..h###############....
.....#.# #.#.# ####...#
#.#.# #.### #.#.# #.
##.#.# # ######....#
........... #.....


You could see Sigmund and 3 jackals.

Vanquished Creatures
  An orc priest (D:3)
  2 orc wizards (D:3)
  6 adders
  3 worms (D:2)
  2 dart slugs
  3 leopard geckos (D:2)
  3 orcs (D:3)
  7 bats
  2 giant cockroaches (D:2)
  5 goblins
  12 hobgoblins
  5 jackals
  2 quokkas (D:2)
  A ball python (D:2)
  4 frilled lizards
  4 kobolds
  7 rats
69 creatures vanquished.

Notes
Turn   | Place    | Note
-------+----------+-------------------------------------------
     0 | D:1      | Baghtru the Hill Orc Fighter began the quest for the Orb.
     0 | D:1      | Reached XP level 1. HP: 19/19 MP: 1/1
   208 | D:1      | Reached XP level 2. HP: 26/27 MP: 2/2
   645 | D:1      | Reached XP level 3. HP: 32/33 MP: 3/3
  1040 | D:2      | Reached XP level 4. HP: 39/40 MP: 4/4
  1224 | D:2      | Found an ancient bone altar of Kikubaaqudgha.
  1939 | D:3      | Reached XP level 5. HP: 41/47 MP: 5/5
  2029 | D:3      | Found a sparkling altar of Nemelex Xobeh.
  2029 | D:3      | Found an ornate altar of the Wu Jian Council.
  2031 | D:3      | Found a blossoming altar of Fedhas.
  2031 | D:3      | Found a shadowy altar of Dithmenos.
  2068 | D:3      | Noticed Sigmund
  2075 | D:3      | Reached XP level 6. HP: 45/55 MP: 6/6
  2081 | D:3      | Slain by Sigmund

Skill      XL: |  1  2  3  4 |
---------------+-------------+-----
Axes           | 3 4 |  4.5
Fighting       | 4 |  4.9
Armour         | 4 |  4.6
Shields        | 4 |  4.5

Action                   |  1- 3 |  4- 6 || total
-------------------------+-------+-------++-------
Melee: War axe           |   140 |   122 ||   262
  Use: Potion            |       |     1 ||     1
  Eat: Chunk             |     1 |     3 ||     4
Armor: Scale mail        |    68 |       ||    68
       Chain mail        |    35 |       ||    35
       Plate armour      |       |    77 ||    77
Dodge: Dodged            |    40 |    21 ||    61
Block: Shield            |    86 |    58 ||   144
